AA
LAWRENCE PATRIOTS @ BUFFALO RED WINGS
06/08/2060
 
TOP OF THE 1ST
Lawrence Patriots batting - Pitching for Buffalo Red Wings : RHP Keegan Sanburn
Pitching: RHP Keegan Sanburn
Batting: LHB Johnny Nieves 0-0: Ball
1-0: Ball
2-0: Ball
3-0: Base on Balls
Batting: LHB Mort Simbolon 0-0: Ball
Johnny Nieves is caught stealing 2nd base 2-6
1-0: Ball
2-0: Ball
3-0: Called Strike
3-1: Foul Ball, location: 2F
3-2: Foul Ball, location: 2F
3-2: SINGLE (Line Drive, 7LS, EV 111.9 MPH)
Batting: LHB Sherman Primes 0-0: Ball
1-0: Ball
2-0: Ball
3-0: Base on Balls
Mort Simbolon to second
Batting: LHB Shan Waseem 0-0: Called Strike
0-1: Foul Ball, location: 2F
0-2: Ball
1-2: Fly out, F6 (Popup, 6MD, EV 45.6 MPH)
Batting: LHB Christopher Gabbard 0-0: SINGLE (Groundball, 4D, EV 93.8 MPH)
Mort Simbolon to third
Sherman Primes to second
Runner from 3rd tries for Home, throw by RF and OUT! 9-2
Top of the 1st over - 0 runs, 2 hits, 0 errors, 2 left on base; Lawrence 0 - Buffalo 0
BOTTOM OF THE 1ST
Buffalo Red Wings batting - Pitching for Lawrence Patriots : RHP Lee Moss
Pitching: RHP Lee Moss
Batting: RHB Braydon Makris 0-0: Foul Ball, location: 2F
0-1: SINGLE (Line Drive, 4D, EV 94.4 MPH)
Batting: SHB Brannon Acevedo 0-0: Ball
1-0: Ball
2-0: Fly out, F7 (Flyball, 78M, EV 91.2 MPH)
Batting: RHB Chandler Penrod 0-0: Called Strike
Braydon Makris steals 2nd base
0-1: Foul Ball, location: 2F
0-2: Ball
1-2: Ball
2-2: Foul Ball, location: 2F
2-2: Ball
3-2: SINGLE (Line Drive, 4D, EV 103.1 MPH)
Braydon Makris to third
Runner from 3rd tries for Home, SAFE, throw by CF to home
Batting: RHB Jasper Humphries 0-0: Ball
1-0: Foul Ball, location: 2F
1-1: Ball
2-1: Called Strike
2-2: Ball
3-2: Foul Ball, location: 2F
3-2: Strikes out looking
Batting: RHB Tris Kathirithamby 0-0: Called Strike
0-1: Ball
1-1: Fly out, F8 (Flyball, 8RM, EV 96.2 MPH)
Bottom of the 1st over - 1 run, 2 hits, 0 errors, 1 left on base; Lawrence 0 - Buffalo 1
TOP OF THE 2ND
Lawrence Patriots batting - Pitching for Buffalo Red Wings : RHP Keegan Sanburn
Batting: SHB Porter Thompson 0-0: Ball
1-0: Ground out 5-3 (Groundball, 56, EV 103.8 MPH)
Batting: LHB Phillip Smith 0-0: Called Strike
0-1: Hit by Pitch
Batting: RHB Obie Simbolon 0-0: Called Strike
Phillip Smith steals 2nd base
0-1: Ball
1-1: Foul Ball, location: 2F
1-2: Ball
2-2: Ball
3-2: Base on Balls
Batting: RHB Lloyd Fair 0-0: Called Strike
0-1: Ball
1-1: Ball
2-1: Ball
3-1: Base on Balls
Phillip Smith to third
Obie Simbolon to second
Batting: LHB Johnny Nieves 0-0: Grounds into fielders choice 1-2 (Groundball, 15, EV 71.2 MPH)
Obie Simbolon to third
Lloyd Fair to second
Batting: LHB Mort Simbolon 0-0: Ball
1-0: Ball
2-0: Ball
3-0: Called Strike
3-1: Ground out 4-3 (Groundball, 34, EV 88.1 MPH)
Top of the 2nd over - 0 runs, 0 hits, 0 errors, 3 left on base; Lawrence 0 - Buffalo 1
BOTTOM OF THE 2ND
Buffalo Red Wings batting - Pitching for Lawrence Patriots : RHP Lee Moss
Batting: RHB Townes Zhan 0-0: Ball
1-0: Called Strike
1-1: Ball
2-1: Foul Ball, location: 2F
2-2: Ball
3-2: Base on Balls
Batting: RHB Israel Coates 0-0: Called Strike
0-1: Fielders Choice at 2nd, 6-4 (Groundball, 6, EV 83.8 MPH)
Batting: RHB Brinson Sarmiento 0-0: Called Strike
0-1: Ball
Israel Coates is caught stealing 2nd base 2-4
1-1: Ball
2-1: Foul Ball, location: 2F
2-2: SINGLE (Groundball, 6MD, EV 104.4 MPH)
Batting: RHB Rhys Oqvist 0-0: Ball
Brinson Sarmiento is caught stealing 2nd base 2-4
Bottom of the 2nd over - 0 runs, 1 hit, 0 errors, 0 left on base; Lawrence 0 - Buffalo 1
TOP OF THE 3RD
Lawrence Patriots batting - Pitching for Buffalo Red Wings : RHP Keegan Sanburn
Batting: LHB Sherman Primes 0-0: Called Strike
0-1: Ball
1-1: Ball
2-1: Ball
3-1: Base on Balls
Batting: LHB Shan Waseem 0-0: Foul Ball, location: 2F
0-1: Ball
1-1: Fly out, F7 (Flyball, 78M, EV 83.8 MPH)
Batting: LHB Christopher Gabbard 0-0: Ball
1-0: Ball
2-0: Foul Ball, location: 2F
2-1: Ball
3-1: Fielders Choice at 2nd, 4-6 (Groundball, 34D, EV 100.0 MPH)
Batting: SHB Porter Thompson 0-0: Ball
1-0: Called Strike
1-1: Ball
2-1: Swinging Strike
2-2: Ball
3-2: DOUBLE (Flyball, 8LXD, EV 102.5 MPH)
Christopher Gabbard to third
Christopher Gabbard scores
Batting: LHB Phillip Smith 0-0: Foul Ball, location: 2F
0-1: Foul Ball, location: 2F
0-2: Ball
1-2: Hit by Pitch
Batting: RHB Obie Simbolon 0-0: Foul Ball, location: 2F
0-1: Ball
1-1: Foul Ball, location: 2F
1-2: Ground out U3 (Groundball, 3, EV 82.5 MPH)
Top of the 3rd over - 1 run, 1 hit, 0 errors, 2 left on base; Lawrence 1 - Buffalo 1
BOTTOM OF THE 3RD
Buffalo Red Wings batting - Pitching for Lawrence Patriots : RHP Lee Moss
Batting: RHB Rhys Oqvist 0-0: Ball
1-0: Ball
2-0: Fly out, F7 (Flyball, 78M, EV 93.1 MPH)
Batting: RHB Braydon Makris 0-0: Ball
1-0: Ball
2-0: Swinging Strike
2-1: Ball
3-1: Called Strike
3-2: Fly out, F7 (Flyball, 78XD, EV 99.4 MPH)
Batting: SHB Brannon Acevedo 0-0: Called Strike
0-1: Ball
1-1: Ball
2-1: Ball
3-1: SINGLE (Line Drive, 8RS, EV 95.0 MPH)
Batting: RHB Chandler Penrod 0-0: Foul Ball, location: 2F
0-1: Fly out, F8 (Flyball, 8RM, EV 90.0 MPH)
Bottom of the 3rd over - 0 runs, 1 hit, 0 errors, 1 left on base; Lawrence 1 - Buffalo 1
TOP OF THE 4TH
Lawrence Patriots batting - Pitching for Buffalo Red Wings : RHP Keegan Sanburn
Batting: RHB Lloyd Fair 0-0: Ball
1-0: Called Strike
1-1: Fly out, F8 (Flyball, 8RD, EV 100.0 MPH)
Batting: LHB Johnny Nieves 0-0: Called Strike
0-1: Foul Ball, location: 2F
0-2: Ground out 4-3 (Groundball, 4, EV 80.0 MPH)
Batting: LHB Mort Simbolon 0-0: Called Strike
0-1: Swinging Strike
0-2: Ball
1-2: Strikes out swinging
Top of the 4th over - 0 runs, 0 hits, 0 errors, 0 left on base; Lawrence 1 - Buffalo 1
BOTTOM OF THE 4TH
Buffalo Red Wings batting - Pitching for Lawrence Patriots : RHP Lee Moss
Batting: RHB Jasper Humphries 0-0: Called Strike
0-1: Foul Ball, location: 2F
0-2: Ball
1-2: Ball
2-2: SINGLE (Groundball, 15S, EV 62.5 MPH) (infield hit)
Batting: RHB Tris Kathirithamby 0-0: Ball
1-0: Ball
2-0: Foul Ball, location: 2F
2-1: Ball
3-1: Base on Balls
Jasper Humphries to second
Batting: RHB Townes Zhan 0-0: Ball
1-0: Ball
2-0: Called Strike
2-1: Ball
3-1: Base on Balls
Jasper Humphries to third
Tris Kathirithamby to second
Batting: RHB Israel Coates 0-0: Ball
1-0: Called Strike
1-1: Ball
2-1: Fly out, F7 (Flyball, 78M, EV 88.1 MPH)
Runner from 3rd tags up, SCORES, throw by LF
Batting: RHB Brinson Sarmiento 0-0: Grounds into double play, 5-4-3 (Groundball, 56, EV 88.8 MPH)
Bottom of the 4th over - 1 run, 1 hit, 0 errors, 1 left on base; Lawrence 1 - Buffalo 2
TOP OF THE 5TH
Lawrence Patriots batting - Pitching for Buffalo Red Wings : RHP Keegan Sanburn
Batting: LHB Sherman Primes 0-0: Fly out, F7 (Flyball, 7S, EV 85.6 MPH)
Batting: LHB Shan Waseem 0-0: Ball
1-0: Ball
2-0: Ground out 4-3 (Groundball, 4M, EV 85.6 MPH)
Batting: LHB Christopher Gabbard 0-0: Ball
1-0: Called Strike
1-1: SINGLE (Groundball, 4MD, EV 95.0 MPH)
Batting: SHB Porter Thompson 0-0: Called Strike
0-1: Ball
1-1: Ball
2-1: Ball
3-1: Base on Balls
Christopher Gabbard to second
Batting: LHB Phillip Smith 0-0: Foul Ball, location: 2F
0-1: Ball
1-1: Ground out 4-3 (Groundball, 4, EV 102.5 MPH)
Top of the 5th over - 0 runs, 1 hit, 0 errors, 2 left on base; Lawrence 1 - Buffalo 2
BOTTOM OF THE 5TH
Buffalo Red Wings batting - Pitching for Lawrence Patriots : RHP Lee Moss
Batting: RHB Rhys Oqvist 0-0: Called Strike
0-1: SINGLE (Line Drive, 78S, EV 92.5 MPH)
Batting: RHB Braydon Makris 0-0: Sac Bunt to 2R - play at first, batter OUT! 2-3
Rhys Oqvist to second
Batting: SHB Brannon Acevedo 0-0: Ball
1-0: Foul Ball, location: 2F
1-1: Ground out 3-1 (Groundball, 34, EV 87.5 MPH)
Rhys Oqvist to third
Batting: RHB Chandler Penrod 0-0: SINGLE (Groundball, 25, EV 75.6 MPH) (infield hit)
Rhys Oqvist scores
Batting: RHB Jasper Humphries 0-0: Called Strike
0-1: Ball
1-1: Ball
2-1: Foul Ball, location: 2F
2-2: Ball
3-2: SINGLE (Flyball, 56D, EV 98.1 MPH)
Chandler Penrod to second
Chandler Penrod to third
Batting: RHB Tris Kathirithamby 0-0: Ball
1-0: Foul Ball, location: 2F
1-1: Swinging Strike
1-2: Fly out, F8 (Flyball, 8LS, EV 90.0 MPH)
Bottom of the 5th over - 1 run, 3 hits, 0 errors, 2 left on base; Lawrence 1 - Buffalo 3
TOP OF THE 6TH
Lawrence Patriots batting - Pitching for Buffalo Red Wings : RHP Keegan Sanburn
Batting: RHB Obie Simbolon 0-0: Called Strike
0-1: Ground out 1-3 (Groundball, 13S, EV 64.4 MPH)
Batting: RHB Lloyd Fair 0-0: Ball
1-0: Ball
2-0: Called Strike
2-1: Swinging Strike
2-2: Ball
3-2: Base on Balls
Pitching: RHP Nic Lewin
Batting: LHB Johnny Nieves 0-0: Swinging Strike
0-1: Ball
1-1: Called Strike
1-2: Foul Ball, location: 2F
1-2: Strikes out swinging
Batting: LHB Mort Simbolon 0-0: Called Strike
0-1: SINGLE (Groundball, 6MD, EV 98.1 MPH)
Lloyd Fair to second
Batting: LHB Sherman Primes 0-0: Called Strike
0-1: Fly out, F7 (Flyball, 78M, EV 81.9 MPH)
Top of the 6th over - 0 runs, 1 hit, 0 errors, 2 left on base; Lawrence 1 - Buffalo 3
BOTTOM OF THE 6TH
Buffalo Red Wings batting - Pitching for Lawrence Patriots : RHP Lee Moss
Batting: RHB Townes Zhan 0-0: Called Strike
0-1: Foul Ball, location: 2F
0-2: Ball
1-2: Strikes out swinging
Batting: RHB Israel Coates 0-0: Ball
1-0: Called Strike
1-1: Foul Ball, location: 2F
1-2: Ball
2-2: Ball
3-2: Ground out 4-3 (Groundball, 4, EV 78.1 MPH)
Batting: RHB Brinson Sarmiento 0-0: Ball
1-0: Ball
2-0: Foul Ball, location: 2F
2-1: Ball
3-1: Base on Balls
Batting: RHB Rhys Oqvist 0-0: Foul Ball, location: 2F
0-1: DOUBLE (Line Drive, 7LM, EV 105.6 MPH)
Brinson Sarmiento to third
Pitching: LHP Blake Lee
Batting: RHB Braydon Makris 0-0: Ball
1-0: Foul Ball, location: 2F
1-1: Ground out 6-3 (Groundball, 6, EV 81.2 MPH)
Bottom of the 6th over - 0 runs, 1 hit, 0 errors, 2 left on base; Lawrence 1 - Buffalo 3
TOP OF THE 7TH
Lawrence Patriots batting - Pitching for Buffalo Red Wings : RHP Nic Lewin
Pitching: LHP Elton Walton
Batting: LHB Shan Waseem 0-0: Foul Ball, location: 2F
0-1: Swinging Strike
0-2: Ball
1-2: Ball
2-2: Foul Ball, location: 2F
2-2: Foul Ball, location: 2F
2-2: Foul Ball, location: 2F
2-2: Fly out, F7 (Line Drive, 7S, EV 93.8 MPH)
Batting: LHB Christopher Gabbard 0-0: Fly out, F7 (Flyball, 7, EV 84.4 MPH)
Batting: SHB Porter Thompson 0-0: Ball
1-0: Ball
2-0: Called Strike
2-1: Ball
3-1: Foul Ball, location: 2F
3-2: SINGLE (Groundball, 25, EV 73.8 MPH) (infield hit)
Batting: LHB Phillip Smith 0-0: Called Strike
0-1: Called Strike
0-2: Ball
1-2: SINGLE (Line Drive, 3D, EV 95.0 MPH)
Porter Thompson to second
Runner from 2nd tries for 3rd, SAFE, throw by RF made to third
Batting: RHB Obie Simbolon 0-0: Swinging Strike
0-1: Foul Ball, location: 2F
0-2: Ball
1-2: Foul Ball, location: 2F
1-2: Foul Ball, location: 2F
1-2: Fielders Choice at 2nd, 5-4 (Groundball, 5, EV 91.2 MPH)
Top of the 7th over - 0 runs, 2 hits, 0 errors, 2 left on base; Lawrence 1 - Buffalo 3
BOTTOM OF THE 7TH
Buffalo Red Wings batting - Pitching for Lawrence Patriots : LHP Blake Lee
Batting: SHB Brannon Acevedo 0-0: Ball
1-0: Ball
2-0: Ball
3-0: Base on Balls
Batting: RHB Chandler Penrod 0-0: Called Strike
0-1: Ball
1-1: Called Strike
1-2: Foul Ball, location: 2F
1-2: Fly out, F9 (Flyball, 9LD, EV 92.5 MPH)
Batting: RHB Jasper Humphries 0-0: Called Strike
0-1: Fly out, F5 (Line Drive, 56, EV 69.4 MPH)
Batting: RHB Tris Kathirithamby 0-0: Foul Ball, location: 2F
0-1: Foul Ball, location: 2F
0-2: Ball
1-2: SINGLE (Groundball, 34D, EV 100.6 MPH)
Brannon Acevedo to second
Runner from 2nd tries for 3rd, SAFE, throw by RF made to third
Batting: RHB Townes Zhan 0-0: Ball
1-0: Called Strike
1-1: Fly out, F4 (Line Drive, 4, EV 61.9 MPH)
Bottom of the 7th over - 0 runs, 1 hit, 0 errors, 2 left on base; Lawrence 1 - Buffalo 3
TOP OF THE 8TH
Lawrence Patriots batting - Pitching for Buffalo Red Wings : LHP Elton Walton
Batting: RHB Lloyd Fair 0-0: Ball
1-0: Ball
2-0: Foul Ball, location: 2F
2-1: Ground out U3 (Groundball, 3, EV 81.9 MPH)
Pinch Hitting: RHB LeVar Rais 0-0: Foul Ball, location: 2F
0-1: Ground out 6-3 (Groundball, 6, EV 109.4 MPH)
Batting: LHB Mort Simbolon 0-0: Ball
1-0: Foul Ball, location: 2F
1-1: Ball
2-1: Ball
3-1: SINGLE (Groundball, 6MD, EV 110.6 MPH)
Pitching: LHP Edwin Nolan
Batting: LHB Sherman Primes 0-0: Foul Ball, location: 2F
0-1: Foul Ball, location: 2F
0-2: Ball
1-2: Foul Ball, location: 2F
1-2: Ball
2-2: SINGLE (Groundball, 4MD, EV 101.9 MPH)
Mort Simbolon to second
Batting: LHB Shan Waseem 0-0: Called Strike
0-1: Ball
1-1: Foul Ball, location: 2F
1-2: Foul Ball, location: 2F
1-2: Fly out, F7 (Flyball, 7LM, EV 100.0 MPH)
Top of the 8th over - 0 runs, 2 hits, 0 errors, 2 left on base; Lawrence 1 - Buffalo 3
BOTTOM OF THE 8TH
Buffalo Red Wings batting - Pitching for Lawrence Patriots : LHP Blake Lee
Now in CF: Jansen Stites
Batting: RHB Israel Coates 0-0: Called Strike
0-1: Foul Ball, location: 2F
0-2: Ball
1-2: Foul Ball, location: 2F
1-2: Foul Ball, location: 2F
1-2: Ball
2-2: Strikes out swinging
Batting: RHB Brinson Sarmiento 0-0: Called Strike
0-1: Ground out 6-3 (Groundball, 6, EV 101.9 MPH)
Batting: RHB Rhys Oqvist 0-0: Ball
1-0: SINGLE (Line Drive, 7, EV 101.2 MPH)
Pitching: RHP Jackson Mullins
Batting: RHB Braydon Makris 0-0: SINGLE (Groundball, 6MD, EV 108.8 MPH)
Rhys Oqvist to second
Batting: SHB Brannon Acevedo 0-0: Ball
1-0: Swinging Strike
1-1: Swinging Strike
1-2: Ball
2-2: Foul Ball, location: 2F
2-2: Ball
3-2: Ground out U3 (Groundball, 3, EV 83.8 MPH)
Bottom of the 8th over - 0 runs, 2 hits, 0 errors, 2 left on base; Lawrence 1 - Buffalo 3
TOP OF THE 9TH
Lawrence Patriots batting - Pitching for Buffalo Red Wings : LHP Edwin Nolan
Pitching: RHP Ricky Dougherty
Batting: LHB Christopher Gabbard 0-0: Ball
1-0: Foul Ball, location: 2F
1-1: Foul Ball, location: 2F
1-2: Strikes out swinging
Batting: SHB Porter Thompson 0-0: Called Strike
0-1: Ball
1-1: Ground out 3-1 (Groundball, 34, EV 84.4 MPH)
Batting: LHB Phillip Smith 0-0: Ball
1-0: Ground out 4-3 (Groundball, 4, EV 84.4 MPH)
Top of the 9th over - 0 runs, 0 hits, 0 errors, 0 left on base; Lawrence 1 - Buffalo 3
Tuesday, May 7th , 2024 - OOTP Baseball 23.10 Build 110